 Dungeon Crawl Stone Soup version 0.29-a0-418-gc0181ea (webtiles) character file.

Game seed: 10601292298413636919

5136 Toastz the Grappler (level 10, 0/98 HPs)
             Began as a Troll Fighter on May 17, 2022.
             Was a Follower of Makhleb.
             Slain by a death yak (22 damage)
             ... on level 8 of the Dungeon.
             The game lasted 00:21:12 (7603 turns).

Toastz the Grappler (Troll Fighter)                 Turns: 7603, Time: 00:21:13

Health: 0/98       AC:  5    Str: 36    XL:     10   Next: 33%
Magic:  9/9        EV:  9    Int:  4    God:    Makhleb [*.....]
Gold:   433        SH:  9    Dex:  9    Spells: 9/9 levels left

rFire   . . .      SeeInvis .     - Unarmed
rCold   . . .      Faith    .   p - +0 kite shield
rNeg    . . .      Spirit   .   a - +0 robe
rPois   +          Reflect  .   (helmet restricted)
rElec   .          Harm     .   v - +0 cloak
rCorr   .          Rampage  .   (gloves unavailable)
Will    .....                   (boots unavailable)
Stlth   +.........              (no amulet)
HPRegen 1.06/turn               i - ring of poison resistance
MPRegen 0.11/turn               t - +6 ring of strength

@: no status effects
A: large, unfitting armour, claws 3, regeneration 1, shaggy fur 1, tough skin 1
a: Renounce Religion


You were on level 8 of the Dungeon.
You worshipped Makhleb.
Makhleb was aware of your devotion.
You visited 2 branches of the dungeon, and saw 10 of its levels.

You collected 433 gold pieces.

Inventory:

Hand Weapons
 b - a +0 hunting sling
Missiles
 h - a silver javelin
 w - 5 large rocks
 x - a boomerang (quivered)
 y - 26 poisoned darts
 A - a javelin
 B - a throwing net
Armour
 a - a +0 robe (worn)
 p - a +0 kite shield (worn)
 v - a +0 cloak (worn)
Jewellery
 i - a ring of poison resistance (left claw)
 t - a +6 ring of strength (right claw)
 H - an amulet of the acrobat
Wands
 u - a wand of polymorph (10)
 z - a wand of flame (28)
 F - a wand of iceblast (2)
Scrolls
 e - a scroll of poison {unknown}
 j - a scroll of summoning {unknown}
 l - a scroll of brand weapon {unknown}
 m - 3 scrolls of magic mapping
 o - a scroll of fog
 q - a scroll of enchant weapon
 r - 2 scrolls of vulnerability
 D - a scroll of acquirement {unknown}
 G - a scroll of identify
Potions
 c - a potion of might
 d - 2 potions of mutation {unknown}
 f - a potion of flight {unknown}
 g - 5 potions of attraction
 k - 4 potions of brilliance
 n - a potion of berserk rage {unknown}
 s - a potion of lignification
 C - a potion of haste {unknown}
 E - a potion of curing {unknown}


   Skills:
 - Level 6.0 Fighting
 + Level 2.8 Throwing
 - Level 2.4 Dodging
 + Level 7.2 Shields
 * Level 11.5 Unarmed Combat


You had 9 spell levels left.
You didn't know any spells.
Your spell library contained the following spells:

 Spells                   Type           Power      Damage    Failure   Level
 Sting                    Tmut/Pois      0%         1d3       75%         1
 Ensorcelled Hibernation  Hex/Ice        0%         N/A       87%         2
 Poisonous Vapours        Pois/Air       0%         N/A       87%         2
 Spider Form              Tmut/Pois      0%         N/A       98%         3
 Anguish                  Hex/Necr       0%         N/A       100%        4
 Fulminant Prism          Conj/Hex       0%         3d6       100%        4
 Iskenderun's Mystic Bla  Conj/Tloc      0%         2d3       100%        4
 Olgreb's Toxic Radiance  Pois           0%         N/A       100%        4
 Lee's Rapid Deconstruct  Erth           0%         3d5*      100%        5


Dungeon Overview and Level Annotations

Branches:
Dungeon (9/15)             Temple (1/1) D:7            Lair (0/6) D:9
    Orc: D:9-12

Altars:
Ashenzari
Cheibriados
Dithmenos
Elyvilon
Fedhas
Gozag
Hepliaklqana
Kikubaaqudgha
Makhleb
Nemelex Xobeh
Okawaru
Qazlal
Ru
Sif Muna
Trog
Uskayaw
Vehumet
Wu Jian
Xom
Yredelemnul
Zin
The Shining One

Shops:
D:5 *   D:6 (

Annotations:
D:5 2 transporters, SuisLittleHoshiymin's ghost, novice MfTm


Innate Abilities, Weirdness & Mutations

You are too large for most types of armour.
You have claws for hands.
Your natural rate of healing is unusually fast.
You are covered in fur. (AC +1)
You have tough skin. (AC +1)


Message History

The black bear claws you. The death yak barely misses you.
The death yak attacks as you move away! The death yak gores you!!
A centaur comes into view.
There is a stone staircase leading up here.
The centaur wields a +0 shortbow.
The centaur shoots an arrow.
You block the arrow. You block the black bear's attack.
The black bear claws you. You block the black bear's attack.
The death yak gores you!!
You climb upwards.
There is a stone staircase leading down here.
The black bear bites you but does no damage.
The black bear barely misses you. x2
The black bear attacks as you move away!
You block the black bear's attack. The black bear claws you. x2
The death yak attacks as you move away! You block the death yak's attack.
The death yak attacks as you move away! You block the death yak's attack.
You claw the death yak!
The death yak is lightly wounded.
You scratch the death yak but do no damage.
The death yak is lightly wounded.
The death yak gores you.
You scratch the death yak.
The death yak is lightly wounded.
The death yak barely misses you.
The black bear bites you but does no damage.
You block the black bear's attack. x2
You scratch the death yak.
The death yak is lightly wounded.
The death yak barely misses you. The black bear bites you.
You block the black bear's attack. x2
You claw the death yak!
The death yak is moderately wounded.
The death yak gores you!!
* * * LOW HITPOINT WARNING * * *
The black bear barely misses you. You block the black bear's attack.
The black bear claws you but does no damage.
You mangle the death yak!!
The death yak is heavily wounded.
The death yak gores you!!
You die...

#..# ##...........## ##....
##.## #...........# ##...
#..###...........# #...
#..##...........## #..#
##............>..#######..#
###
####.....####..##...........#
#.###.....####
##.####..........#
##...####.## #Yh#
#...######.. #.####
##.#####@## #..## ##. ###
#.......# ##.#######..
#.......# #.##.......
##.......## #..#######.
#..######.# #### #. #### ###
##


You could see a death yak and a black bear.

Vanquished Creatures
  A gargoyle (D:6)
  An unseen horror (D:8)
  A kobold demonologist (D:6)
  A troll (D:6)
  2 steam dragons (D:8)
  Edmund (D:5)
  4 water moccasins
  2 black bears
  2 orc warriors
  3 ice beasts
  A sky beast (D:7)
  2 ogres
  A centaur (D:5)
  A phantom (D:4)
  2 kobold brigands
  2 bullfrogs
  Blork the orc (D:5)
  A gnoll sergeant (D:6)
  5 scorpions
  2 necrophages
  8 wights
  A killer bee (D:6)
  4 howler monkeys
  3 hounds
  2 jellies
  2 orc priests
  A gnoll shaman (D:8)
  Jessica (D:2)
  3 iguanas (D:4)
  7 orc wizards
  13 gnolls
  7 adders
  2 white imps (D:6)
  5 dart slugs
  20 orcs
  3 bats
  7 endoplasms
  7 giant cockroaches
  11 goblins
  8 hobgoblins
  2 jackals (D:2)
  2 quokkas
  3 training dummies (D:6)
  7 ball pythons
  5 frilled lizards
  21 kobolds
  3 rats
194 creatures vanquished.

Notes
Turn   | Place    | Note
-------+----------+-------------------------------------------
     0 | D:1      | Toastz the Troll Fighter began the quest for the Orb.
     0 | D:1      | Reached XP level 1. HP: 22/22 MP: 0/0
   189 | D:1      | Reached XP level 2. HP: 29/29 MP: 1/1
   780 | D:2      | Reached XP level 3. HP: 36/36 MP: 2/2
   837 | D:2      | Reached skill level 3 in Unarmed Combat
   840 | D:2      | Found a faded altar of an unknown god.
   845 | D:2      | Noticed Jessica
   856 | D:2      | Killed Jessica
   902 | D:2      | Reached XP level 4. HP: 44/44 MP: 3/3
  1552 | D:3      | Reached XP level 5. HP: 35/53 MP: 4/4
  1690 | D:3      | Reached skill level 4 in Unarmed Combat
  2571 | D:4      | Reached XP level 6. HP: 58/61 MP: 5/5
  2590 | D:4      | Reached skill level 5 in Unarmed Combat
  2942 | D:5      | Entered Level 5 of the Dungeon
  2965 | D:5      | Noticed an ice beast
  3024 | D:5      | Noticed Blork the orc
  3030 | D:5      | Killed Blork the orc
  3031 | D:5      | Reached XP level 7. HP: 68/68 MP: 6/6
  3055 | D:5      | Noticed Edmund
  3084 | D:4      | Reached skill level 6 in Unarmed Combat
  3137 | D:5      | Killed Edmund
  3177 | D:5      | Found Cynlimn's Lightly-Used Armoury.
  3282 | D:5      | Noticed SuisLittleHoshiymin's ghost (novice MfTm)
  3293 | D:5      | Found a transporter.
  3309 | D:5      | Reached skill level 5 in Shields
  3309 | D:5      | Reached XP level 8. HP: 36/79 MP: 7/7
  3401 | D:4      | Reached skill level 7 in Unarmed Combat
  3525 | D:5      | Found a transporter.
  4010 | D:6      | Reached skill level 5 in Fighting
  4031 | D:6      | Noticed a kobold demonologist
  4039 | D:6      | Noticed a soul eater
  4044 | D:6      | Killed a kobold demonologist
  4045 | D:6      | Reached skill level 8 in Unarmed Combat
  4081 | D:6      | Noticed a troll
  4091 | D:6      | Killed a troll
  4092 | D:6      | Reached skill level 9 in Unarmed Combat
  4118 | D:6      | Found Lawiyhocs's Firing Range.
  4137 | D:6      | Reached XP level 9. HP: 29/88 MP: 8/8
  4373 | D:6      | Noticed a gargoyle
  4387 | D:6      | Killed a gargoyle
  4610 | D:6      | Reached skill level 10 in Unarmed Combat
  4810 | D:7      | Found an opulent altar of Gozag.
  4810 | D:7      | Found a snail-covered altar of Cheibriados.
  5048 | D:7      | Found a staircase to the Ecumenical Temple.
  5068 | Temple   | Entered the Ecumenical Temple
  5219 | Temple   | Became a worshipper of Makhleb the Destroyer
  5319 | D:7      | Reached skill level 1 in Throwing
  5349 | D:7      | Found an iron altar of Okawaru.
  5350 | D:7      | Found a sacrificial altar of Ru.
  5352 | D:7      | Found a hide-covered altar of Uskayaw.
  5355 | D:7      | Found a stormy altar of Qazlal.
  5371 | D:7      | Reached skill level 11 in Unarmed Combat
  5998 | D:7      | Reached XP level 10. HP: 98/98 MP: 9/9
  6713 | D:8      | Reached * piety under Makhleb
  6857 | D:8      | HP: 1/98 [something (10)]
  6885 | D:8      | HP: 4/98 [something (5)]
  6886 | D:8      | HP: 1/98 [something (9)]
  7581 | D:9      | Noticed an elephant
  7581 | D:9      | Noticed a death yak
  7581 | D:9      | Found a staircase to the Lair.
  7603 | D:8      | Slain by a death yak

Illustrated notes

Levels and vault maps discovered:
D:1:      matt_arrival_diagonals, layout_basic
D:2:      layout_rooms, hellmonk_ecumenical_altar_zigzags,
          minmay_misc_feat_rugged, uniq_jessica
D:3:      layout_basic
D:4:      layout_loops_ring, minmay_stone_trees_medium
D:5:      layout_rooms, gammafunk_ghost_stat_death, minmay_shop_damaged,
          uniq_blork_the_orc, uniq_edmund
D:6:      minmay_opposing_rooms, layout_basic, nicolae_shop_firing_range
D:7:      layout_layer_cave, grunt_temple_overflow_open,
          minmay_temple_entry_offerings, solitary_fountain, supply_closet_lemuel
D:8:      layout_layer_cave, nicolae_wand_duel
D:9:      layout_roguey, david_lair_generic
Temple:   nicolae_temple_elliptical

Skill      XL: |  1  2  3  4  5  6  7  8  9 10 |
---------------+-------------------------------+-----
Shields        | 3 4 5 6 7 |  7.2
Unarmed Combat | 3 4 5 6 9 11 | 11.5
Fighting       | 3 4 5 6 |  6.0
Throwing       | 1 2 |  2.8
Dodging        | |  2.4

Action                   |  1- 3 |  4- 6 |  7- 9 | 10-12 || total
-------------------------+-------+-------+-------+-------++-------
Melee: Unarmed           |    78 |   186 |   188 |    75 ||   527
 Fire: Hunting sling     |       |    41 |       |       ||    41
Throw: Stone             |    51 |    47 |    20 |       ||   118
       Boomerang         |       |       |    28 |    21 ||    49
  Use: Scroll            |       |     4 |     8 |       ||    12
       Potion            |       |       |     3 |     5 ||     8
Armor: Robe              |    53 |    47 |    55 |    35 ||   190
       Skin              |       |       |       |     3 ||     3
Dodge: Dodged            |    39 |    77 |    78 |    23 ||   217
Block: Kite shield       |    26 |    66 |    87 |    41 ||   220

Table legend: (Time is in decaauts)
 A = Elapsed time spent in this place.
 B = Non-inter-level travel time spent in this place.
 C = Inter-level travel time spent in this place.
 D = Time resting spent in this place.
 E = Time spent auto-exploring this place.
 F = Levels seen in this place.
 G = Mean time per level.
                   A        B        C        D        E       F      G
               +--------+--------+--------+--------+--------+-----+--------+
         Total |   7677 |   7222 |    455 |    446 |   5039 |  10 |  767.7 |
       Dungeon |   7506 |   7089 |    417 |    446 |   4921 |   9 |  834.0 |
        Temple |    171 |    133 |     38 |      0 |    118 |   1 |  171.0 |
               +--------+--------+--------+--------+--------+-----+--------+

Top non-repeatable levels by time:
     D:8: 1383 daAuts
     D:7: 1046 daAuts
     D:5: 1020 daAuts
     D:4: 912 daAuts
     D:6: 840 daAuts
     D:3: 792 daAuts
     D:1: 767 daAuts
     D:2: 733 daAuts
  Temple: 171 daAuts
     D:9: 10 daAuts
